 Dungeon Crawl Stone Soup version 0.24.0-13-gcf9b3192b9 (webtiles) character file.

Game seed: 15605834753940717089, levelgen mode: deterministic

106 Mrkan the Ruffian (level 4, -2/45 HPs)
             Began as a Troll Monk on Nov 5, 2019.
             Killed from afar by an orc wizard (5 damage)
             ... with a puff of flame
             ... on level 3 of the Dungeon.
             The game lasted 00:03:47 (2777 turns).

Mrkan the Ruffian (Troll Monk)                      Turns: 2777, Time: 00:03:48

Health: -2/45      AC:  6    Str: 18 (19) XL:     4   Next: 55%
Magic:  3/3        EV: 10    Int:  4 (7)  God:
Gold:   197        SH:  0    Dex: 11 (12) Spells: 3/3 levels left

rFire    + . .     SeeInvis +     - Unarmed
rCold    . . .     Gourm    +   (no shield)
rNeg     . . .     Faith    .   a - +0 robe
rPois    .         Spirit   .   (helmet restricted)
rElec    .         Reflect  .   (no cloak)
rCorr    .         Harm     .   (gloves unavailable)
MR       .....                  (boots unavailable)
Stlth    +.........             (no amulet)
HPRegen  0.55/turn              n - ring of protection from fire
MPRegen  0.08/turn              o - ring of see invisible

@: no status effects
A: large, unfitting armour, claws 3, fast metabolism 3, gourmand, regeneration
1, shaggy fur 1, tough skin 3
a: no special abilities


You were on level 3 of the Dungeon.
You were full.

You visited 1 branch of the dungeon, and saw 4 of its levels.

You collected 197 gold pieces.

Inventory:

Missiles
 g - 102 stones (quivered)
 l - 2 throwing nets
Armour
 a - a +0 robe (worn)
Jewellery
 n - a ring of protection from fire (left claw)
 o - a ring of see invisible (right claw)
 p - an uncursed ring of ice {unknown}
Scrolls
 c - a scroll of fog {unknown}
 d - a scroll of immolation {unknown}
 e - 2 scrolls of teleportation {unknown}
 i - 2 scrolls of identify {unknown}
 j - 2 scrolls of remove curse {unknown}
Potions
 h - a potion of might {unknown}
 k - a potion of curing {unknown}
 m - a potion of haste {unknown}
Comestibles
 b - 5 rations


   Skills:
 + Level 3.2 Fighting
 - Level 2.4 Dodging
 - Level 1.0 Stealth
 * Level 4.7 Unarmed Combat


You had 3 spell levels left.
You didn't know any spells.
Your spell library was empty.

Dungeon Overview and Level Annotations

Branches:
Dungeon (4/15)
 Temple: D:4-7

Altars:
The Shining One


Innate Abilities, Weirdness & Mutations

You are too large for most types of armour.
You have claws for hands.
Your metabolism is lightning-fast.
You like to eat raw meat.
Your natural rate of healing is unusually fast.
You are covered in fur. (AC +1)
You have extremely tough skin. (AC +3)


Message History

The orc wizard hits you but does no damage.
The orc wizard misses you.
You closely miss the orc wizard. The orc wizard closely misses you.
You scratch the orc wizard.
The orc wizard is moderately wounded.
The orc wizard hits you with a +0 dagger.
* * * LOW HITPOINT WARNING * * *
The orc wizard hits you but does no damage.
You claw the orc wizard! You claw the orc wizard.
The orc wizard is almost dead.
The orc wizard barely misses you.
You barely miss the orc wizard.
The orc wizard is almost dead.
The orc wizard gestures wildly while chanting.
The orc wizard flickers and vanishes for a moment.
You barely miss the orc wizard.
The orc wizard is almost dead.
The orc wizard points at you and mumbles some strange words.
The puff of flame hits you. You resist.
You die...

♣♣♣≈≈♣♣♣♣♣♣....#.#
P♣♣≈≈≈P♣♣P♣#.#.#.#
.≈.≈≈[≈≈≈....#.#.#
♣.♣≈≈≈≈≈♣≈P..#.#.#
♣♣♣P.P♣♣♣♣♣#.#.#.#
♣♣♣♣.♣♣ #.#.#.#.#
.# ♣≈P♣ #.......#
.#♣♣.♣♣♣##.#.#.###
..♣≈.≈♣........o@#
.###............##
.')........#.#..#
.###............#
.# #..##........#
÷# #..##.#.#.##.#
.###.....#......#
...############.#
...# #.#


You could see an orc wizard (invisible).

Vanquished Creatures
  Terence (D:2)
  An adder (D:3)
  A worm (D:3)
  3 dart slugs
  2 leopard geckos (D:3)
  3 orcs (D:3)
  11 bats
  A giant cockroach (D:2)
  2 goblins (D:2)
  11 hobgoblins
  3 jackals (D:3)
  2 quokkas
  2 ball pythons
  4 frilled lizards
  5 kobolds
  5 rats
57 creatures vanquished.

Notes
Turn   | Place    | Note
-------+----------+-------------------------------------------
     0 | D:1      | Mrkan the Troll Monk began the quest for the Orb.
     0 | D:1      | Reached XP level 1. HP: 22/22 MP: 0/0
   181 | D:1      | Reached XP level 2. HP: 25/29 MP: 1/1
  1138 | D:2      | Noticed Terence
  1153 | D:2      | Killed Terence
  1153 | D:2      | Reached skill level 4 in Unarmed Combat
  1153 | D:2      | Reached XP level 3. HP: 13/36 MP: 2/2
  2144 | D:3      | Reached XP level 4. HP: 45/45 MP: 3/3
  2261 | D:3      | Found a glowing golden altar of the Shining One.
  2769 | D:3      | HP: 1/45 [orc wizard/+0 dagger (4)]
  2774 | D:3      | HP: 1/45 [orc wizard/+0 dagger (2)]
  2777 | D:3      | Killed from afar by an orc wizard

Levels and vault maps discovered:
D:1:      saegor_arrival_simple_e, layout_basic, minmay_small_reverse_x
D:2:      layout_basic, uniq_terence
D:3:      layout_basic, old_standard_altar, serial_bayou_crossing
D:4:      minmay_evil_eye, layout_gridville, overflow_temple_1_default,
          minmay_temple_entry_from_below_b, first_ration, serial_shops, shop

Skill      XL: |  1  2  3 |
---------------+----------+-----
Unarmed Combat | 4 |  4.7
Fighting       | 3 |  3.2
Dodging        | |  2.4
Stealth        | |  1.0

Action                   |  1- 3 |  4- 6 || total
-------------------------+-------+-------++-------
Melee: Unarmed           |   122 |    65 ||   187
       Punch             |       |     2 ||     2
  Use: Potion            |       |     1 ||     1
 Stab: Sleeping          |     1 |     1 ||     2
  Eat: Chunk             |    13 |    11 ||    24
       Ration            |     1 |       ||     1
Armor: Robe              |    66 |    34 ||   100
Dodge: Dodged            |    65 |    49 ||   114
